 Dungeon Crawl Stone Soup version 0.20.1-1-g8b1a95d (webtiles) character file.

2305 n0ize the Fighter (level 9, -9/82 HPs)
             Began as a Ghoul Fighter on Aug 26, 2017.
             Was an Initiate of Okawaru.
             Mangled by a warg (11 damage)
             ... on level 8 of the Dungeon.
             The game lasted 00:15:47 (5590 turns).

n0ize the Fighter (Ghoul Fighter)                   Turns: 5590, Time: 00:15:48

Health: -9/82      AC: 13    Str: 20    XL:     9   Next: 40%
Magic:  9/9        EV: 10    Int:  8    God:    Okawaru [......]
Gold:   98         SH: 10    Dex: 16    Spells: 8/8 levels left

rFire    . . .     SeeInvis .   K - +2 dagger (venom)
rCold    + . .     Gourm    .   c - +0 shield
rNeg     + + +     Faith    .   D - +0 chain mail
rPois    ∞         Spirit   .   J - +1 helmet
rElec    .         Reflect  .   (no cloak)
rCorr    .         Harm     .   F - +0 pair of gloves
MR       .....                  (no boots)
Stlth    ..........             (no amulet)
Regen    0.0/turn               x - ring of flight
MPRegen  0.2/turn               I - +5 ring of intelligence

@: agile, rotting, slowed, very slow
A: rotting body, claws 1, carnivore 3, cold resistance 1, negative energy
resistance 3, inhibited regeneration, torment resistance, unbreathing
a: Renounce Religion, Evoke Flight


You were on level 8 of the Dungeon.
You worshipped Okawaru.
Okawaru was noncommittal.
You were not hungry.

You visited 2 branches of the dungeon, and saw 9 of its levels.

You collected 363 gold pieces.
You spent 265 gold pieces at shops.

Inventory:

Hand Weapons
 a - a +0 war axe
 j - a +2 whip of freezing
 w - a +0 hunting sling
 K - a +2 dagger of venom (weapon)
 N - a +1 dagger of draining
 O - a +2 flail of protection
Missiles
 e - 192 stones (quivered)
 u - 65 bolts
 H - 10 sling bullets
Armour
 b - a +0 scale mail
 c - a +0 shield (worn)
 n - a +2 hat
 D - a +0 chain mail (worn)
 F - a +0 pair of gloves (worn)
 J - a +1 helmet (worn)
Jewellery
 s - a cursed ring of protection from magic {unknown}
 x - a ring of flight (left hand)
 I - a +5 ring of intelligence (right hand)
 L - an uncursed amulet of magic regeneration {unknown}
Wands
 d - a wand of digging (14/24)
 t - a wand of polymorph (0/24)
 M - a wand of polymorph (9/24)
Scrolls
 g - 2 scrolls of remove curse
 i - 8 scrolls of identify
 k - a scroll of noise
 p - 3 scrolls of fear
 q - 2 scrolls of amnesia
 A - a scroll of immolation
 B - 3 scrolls of teleportation
 E - a scroll of enchant armour
Potions
 l - 4 potions of lignification
 o - 2 potions of mutation
 r - 2 potions of agility
 v - 2 potions of heal wounds
 z - 2 potions of curing
 C - a potion of ambrosia
 P - a potion of flight
Comestibles
 f - 3 meat rations
 m - 7 royal jellies


   Skills:
 * Level 8.7 Fighting
 - Level 2.1(4.4) Axes
 * Level 6.1(6.3) Maces & Flails
 + Level 4.8 Armour
 + Level 5.3 Shields
 + Level 1.4 Invocations


You had 8 spell levels left.
You didn't know any spells.

Dungeon Overview and Level Annotations

Branches:
Dungeon (8/15)             Temple (1/1) D:6
   Lair: D:8-11

Altars:
Ashenzari
Cheibriados
Dithmenos
Elyvilon
Fedhas
Gozag
Hepliaklqana
Kikubaaqudgha
Makhleb
Nemelex Xobeh
Okawaru
Qazlal
Ru
Sif Muna
Trog
Uskayaw
Vehumet
Xom
Yredelemnul
Zin
The Shining One

Shops:
D:4 *   D:5 *   D:6 (

Annotations:
D:5 2 transporters
D:8 Erica


Innate Abilities, Weirdness & Mutations

Your body is rotting away.
You thrive on raw meat.
You are immune to poison.
You have sharp fingernails.
You are carnivorous and can eat meat at any time.
Your flesh is cold resistant. (rC+)
You are immune to negative energy. (rN+++)
You do not regenerate when monsters are visible.
You are immune to unholy pain and torment.
You can survive without breathing.


Message History

A warg comes into view.
You barely miss something.
The warg howls!
The warg bites you.
* * * LOW HITPOINT WARNING * * *
Something hits you.
* * * LOW HITPOINT WARNING * * *
Something burns you.
* * * LOW HITPOINT WARNING * * *
The warg completely misses you.
An orc comes into view. It is wielding a club.
The orc shouts!
You hit something but do no damage. The warg bites you.
* * * LOW HITPOINT WARNING * * *
Something hits you.
* * * LOW HITPOINT WARNING * * *
Something burns you.
* * * LOW HITPOINT WARNING * * *
The warg bites you!
You die... ### .. ..# ....###.### ohh.ooh...#

#@#
#.#
#.#
#.#
#<#
#.#
#<#
#.#
#.#


You could see 3 wargs, an orc priest and 2 orcs.

Vanquished Creatures
  The ghost of hilaritas the Chiller, a novice DEIE of Sif Muna (D:5)
  Grinder (D:4)
  A hungry ghost (D:6)
  A water moccasin (D:5)
  An orc warrior (D:7)
  A swamp drake (D:7)
  2 sky beasts (D:6)
  2 ogres
  A centaur (D:5)
  Blork the orc (D:5)
  A bullfrog (D:5)
  2 scorpions (D:7)
  3 crimson imps
  A quasit (D:7)
  An orc priest (D:5)
  A hound (D:4)
  A jelly (D:6)
  A bullfrog skeleton (D:7)
  An orc wizard (D:4)
  3 iguanas
  6 worker ants
  A hound zombie (D:7)
  A hound skeleton (D:7)
  4 gnolls (D:5)
  13 adders
  A shadow imp (D:7)
  3 oozes (D:1)
  An adder zombie (D:4)
  2 dart slugs
  4 leopard geckos
  11 orcs
  2 giant cockroaches
  11 goblins
  6 hobgoblins
  7 jackals
  16 kobolds
  4 quokkas
  4 ball pythons
  9 bats
  3 frilled lizards
  A giant cockroach zombie (D:5)
  8 rats
145 creatures vanquished.

Notes
Turn   | Place    | Note
-------+----------+-------------------------------------------
     0 | D:1      | n0ize the Ghoul Fighter began the quest for the Orb.
     0 | D:1      | Reached XP level 1. HP: 19/19 MP: 0/0
    55 | D:1      | Reached XP level 2. HP: 24/25 MP: 1/1
   191 | D:1      | Reached XP level 3. HP: 27/33 MP: 2/2
   458 | D:1      | Reached skill level 4 in Fighting
   866 | D:2      | Reached XP level 4. HP: 34/39 MP: 3/3
   975 | D:2      | Reached skill level 1 in Maces & Flails
  1618 | D:3      | Reached XP level 5. HP: 46/47 MP: 4/4
  1897 | D:4      | Noticed an ogre
  1907 | D:4      | Killed an ogre
  1907 | D:4      | Reached skill level 5 in Fighting
  1907 | D:4      | Reached XP level 6. HP: 35/56 MP: 5/5
  2094 | D:4      | Noticed a two-headed ogre
  2142 | D:4      | Noticed Grinder
  2172 | D:4      | Killed Grinder
  2172 | D:4      | Reached skill level 6 in Fighting
  2172 | D:4      | Reached XP level 7. HP: 42/63 MP: 6/6
  2262 | D:4      | Found Jixtydu's General Store.
  2265 | D:4      | Bought a scroll of enchant armour for 75 gold pieces
  2265 | D:4      | Bought a scroll of identify for 20 gold pieces
  2265 | D:4      | Bought a potion of heal wounds for 50 gold pieces
  2707 | D:5      | Entered Level 5 of the Dungeon
  2710 | D:5      | Got a dazzling dagger
  2721 | D:5      | Noticed Blork the orc
  2734 | D:5      | Killed Blork the orc
  2752 | D:5      | Found a glowing silver altar of Zin.
  2756 | D:5      | Noticed an angel
  2760 | D:5      | Found a shimmering altar of Xom.
  2821 | D:5      | Found a transporter.
  2836 | D:5      | Found a transporter.
  2854 | D:5      | Noticed a kobold demonologist
  2906 | D:5      | Noticed a hand axe
  2906 | D:5      | Noticed a hand axe
  2909 | D:5      | Found a hide-covered altar of Uskayaw.
  2997 | D:5      | Reached XP level 8. HP: 66/71 MP: 7/7
  3049 | D:5      | Reached skill level 7 in Fighting
  3177 | D:5      | Noticed hilaritas's ghost (novice DEIE)
  3197 | D:5      | Killed hilaritas's ghost
  3298 | D:5      | Found an opulent altar of Gozag.
  3480 | D:5      | Found Nyguynlu's Serpentskin Sales.
  3487 | D:5      | Reached skill level 5 in Maces & Flails
  3489 | D:5      | Reached skill level 5 in Shields
  3621 | D:6      | Reached skill level 8 in Fighting
  3787 | D:6      | Found a sparkling altar of Nemelex Xobeh.
  3934 | D:6      | Reached XP level 9. HP: 62/80 MP: 8/8
  4067 | D:6      | Found a staircase to the Ecumenical Temple.
  4078 | Temple   | Entered the Ecumenical Temple
  4244 | Temple   | Became a worshipper of Warmaster Okawaru
  4289 | D:6      | Found Kyupaf's Antique Weapon Boutique.
  4297 | D:6      | Bought a runed dagger for 120 gold pieces
  4414 | D:6      | Found a sparkling altar of Nemelex Xobeh.
  4852 | D:7      | Reached skill level 1 in Invocations
  5551 | D:8      | Noticed Erica
  5590 | D:8      | HP: 3/82 [something (4)]
  5590 | D:8      | Mangled by a warg

Skill      XL: |  1  2  3  4  5  6  7  8  9 |
---------------+----------------------------+-----
Axes           | 2 |  2.1
Shields        | 3 4 5 |  5.3
Fighting       | 4 5 6 8 |  8.7
Maces & Flails | 1 2 3 4 5 6 |  6.1
Armour         | 3 4 |  4.8
Invocations    | 1 |  1.4

Action                   |  1- 3 |  4- 6 |  7- 9 || total
-------------------------+-------+-------+-------++-------
Melee: War axe           |    29 |       |       ||    29
       Whip              |    89 |   166 |   363 ||   618
       Dagger            |       |       |    24 ||    24
Evoke: Wand              |       |     4 |       ||     4
  Use: Potion            |       |     2 |     4 ||     6
       Scroll            |       |       |    19 ||    19
  Eat: Chunk             |     3 |    19 |    25 ||    47
Armor: Scale mail        |    66 |    64 |       ||   130
       Chain mail        |       |     7 |   164 ||   171
Dodge: Dodged            |    32 |    48 |    62 ||   142
Block: Shield            |    65 |    87 |   117 ||   269
